 Dungeon Crawl Stone Soup version 0.21-a0-538-gd16b88a (webtiles) character file.

71 Lasiace the Skirmisher (level 4, -2/45 HPs)
             Began as an Ogre Arcane Marksman on Dec 15, 2017.
             Slain by Terence
             ... wielding a +0 trident
              (11 damage)
             ... on level 3 of the Dungeon.
             The game lasted 00:11:20 (2567 turns).

Lasiace the Skirmisher (Ogre Arcane Marksman)       Turns: 2567, Time: 00:11:21

Health: -2/45      AC:  3    Str: 14    XL:     4   Next: 24%
Magic:  4/7        EV: 10    Int: 19    God:
Gold:   83         SH:  0    Dex: 10    Spells: 4/7 levels left

rFire    . . .     SeeInvis .   a - +0 mace
rCold    . . .     Gourm    .   (no shield)
rNeg     . . .     Faith    .   d - +0 robe
rPois    .         Spirit   .   (helmet restricted)
rElec    .         Reflect  .   (no cloak)
rCorr    .         Harm     .   (gloves unavailable)
MR       .....                  (boots unavailable)
Stlth    +.........             (no amulet)
HPRegen  0.15/turn              I - +2 ring of intelligence
MPRegen  0.10/turn              O - +3 ring of intelligence

@: no status effects
A: large, unfitting armour, tough skin 1
a: no special abilities


You were on level 3 of the Dungeon.
You were not hungry.

You visited 1 branch of the dungeon, and saw 3 of its levels.

You collected 83 gold pieces.

Inventory:

Hand Weapons
 a - a +0 mace (weapon)
 b - a +0 hunting sling
 A - a +1 short sword of freezing
Missiles
 e - 2 throwing nets {=f !f}
 g - 43 stones (quivered) {@Q0}
 p - 21 sling bullets {@Q3}
Armour
 d - a +0 robe (worn)
 D - a +0 large shield
Jewellery
 I - a +2 ring of intelligence (left hand)
 O - a +3 ring of intelligence (right hand)
Scrolls
 k - a scroll of magic mapping {unknown}
 l - 2 scrolls of identify {unknown}
 q - a scroll of teleportation {unknown}
 u - 3 scrolls of remove curse {unknown}
Potions
 h - a potion of heal wounds {unknown}
 i - a potion of invisibility
 j - a potion of agility {unknown}
 n - a potion of mutation {unknown}
 o - a potion of magic {unknown}
 s - a potion of resistance {unknown}
Books
 B - a book of Debilitation

   Spells                             Type                      Level
   a - Corona                         Hexes                        1
   b - Slow                           Hexes                        2
   c - Inner Flame                    Hexes/Fire                   3
   d - Portal Projectile              Hexes/Translocation          3
   e - Cause Fear                     Hexes                        4
   f - Leda's Liquefaction            Hexes/Earth                  4
Comestibles
 f - 4 bread rations
 r - 2 meat rations


   Skills:
 * Level 3.3 Fighting
 + Level 2.6 Throwing
 + Level 2.2 Dodging
 - Level 2.0 Spellcasting
 - Level 3.0 Hexes


You had 4 spell levels left.
You knew the following spells:

 Your Spells              Type           Power        Failure   Level  Hunger
a - Corona                Hex            ##.....      4%          1    #......
b - Slow                  Hex            ##......     8%          2    ###....


Dungeon Overview and Level Annotations

Branches:
Dungeon (3/15)

Altars:
Yredelemnul

Annotations:
D:3 Terence


Innate Abilities, Weirdness & Mutations

You are too large for most types of armour.
You have tough skin. (AC +1)


Message History

Terence is heavily wounded.
Terence hits you with a trident.
You hit Terence but do no damage.
Terence is heavily wounded.
Terence barely misses you. x2
You hit Terence but do no damage.
Terence is heavily wounded.
Terence hits you with a trident.
* * * LOW HITPOINT WARNING * * *
You hit Terence but do no damage.
Terence is heavily wounded.
Terence closely misses you.
You hit Terence.
Terence is almost dead.
Terence barely misses you. Terence hits you with a trident.
* * * LOW HITPOINT WARNING * * *
You barely miss Terence.
Terence is almost dead.
Terence hits you with a trident!
You die...

...?.. #.#
....#.#####.##########.
......(..#....@........
......(.(.....#........
#.###.##.#.(.###..#.#..
#. #....##......#
#.####g....P.P..#
#..@#.#.#..._......
##@#.###...P.P.....
#.###@###.......#.# ...
## ..#####.#.# #.##
.#.# .# # #. a##.# # #
.). ... .#


You could see Terence.

Vanquished Creatures
  An adder (D:2)
  2 worms (D:2)
  A dart slug (D:2)
  2 leopard geckos
  A ball python (D:2)
  3 giant cockroaches (D:1)
  2 goblins (D:2)
  10 hobgoblins
  2 jackals (D:2)
  A quokka (D:2)
  6 bats
  3 frilled lizards (D:2)
  10 kobolds
  7 rats
51 creatures vanquished.

Vanquished Creatures (others)
  A jackal (D:2)
1 creature vanquished.

Grand Total: 52 creatures vanquished

Notes
Turn   | Place    | Note
-------+----------+-------------------------------------------
     0 | D:1      | Lasiace the Ogre Arcane Marksman began the quest for the Orb.
     0 | D:1      | Reached XP level 1. HP: 19/19 MP: 2/2
   272 | D:1      | Reached XP level 2. HP: 28/28 MP: 2/4
   978 | D:2      | Reached XP level 3. HP: 36/36 MP: 5/5
  1626 | D:2      | Learned a level 2 spell: Slow
  1874 | D:2      | Reached XP level 4. HP: 45/45 MP: 6/6
  2259 | D:3      | Found a basalt altar of Yredelemnul.
  2261 | D:3      | Noticed Terence
  2567 | D:3      | Slain by Terence

Vault maps used:
D:1:      minmay_arrival_three_doors, minmay_tree_intersection
D:2:      lemuel_upstairs_altar, first_bread
D:3:      yredelemnul_altar_generic, uniq_crazy_yiuf_cottage, uniq_ijyb,
          uniq_terence

Skill      XL: |  1  2  3  4 |
---------------+-------------+-----
Fighting       | 2 3 |  3.3
Dodging        | 2 |  2.2
Hexes          | 3 |  3.0
Spellcasting   | 2 |  2.0
Throwing       | |  2.6

Action                   |  1- 3 |  4- 6 || total
-------------------------+-------+-------++-------
Melee: Short sword       |   111 |    26 ||   137
       Unarmed           |     2 |       ||     2
       Mace              |       |    35 ||    35
 Fire: Hunting sling     |     3 |       ||     3
Throw: Large rock        |    20 |     5 ||    25
       Stone             |     4 |       ||     4
       Tomahawk          |     2 |     2 ||     4
 Cast: Corona            |    12 |    11 ||    23
       Slow              |     1 |     6 ||     7
  Use: Potion            |     1 |       ||     1
 Stab: Sleeping          |     1 |       ||     1
       Invisible         |     2 |       ||     2
  Eat: Chunk             |     4 |     2 ||     6
Armor: Robe              |    37 |    11 ||    48
Dodge: Dodged            |    79 |    33 ||   112

Table legend:
 A = Spawn XP
 B = Non-spawn XP
 C = Spawn XP percentage of total XP
 D = Spawn monster count
 E = Non-spawn monster count
 F = Spawn count percentage of total count
 G = Total turns spent on level
                    A         B        C        D         E        F      G
               +---------+---------+-------+---------+---------+-------+---------
         Total |       0 |     102 |   0.0 |       0 |      52 |   0.0 |  2567
               +---------+---------+-------+---------+---------+-------+---------
           D:1 |       0 |      33 |   0.0 |       0 |      21 |   0.0 |   975
           D:2 |       0 |      67 |   0.0 |       0 |      29 |   0.0 |  1499
           D:3 |       0 |       2 |   0.0 |       0 |       2 |   0.0 |    93
               +---------+---------+-------+---------+---------+-------+---------
